 Dungeon Crawl Stone Soup version 0.29-a0-542-g075992c915 (webtiles) character file.

Game seed: 15778486232377682251

1557 Pooter the Shield-Bearer (level 8, -2/64 HPs)
             Began as a Gnoll Wanderer on June 4, 2022.
             Was a Priest of Fedhas.
             Slain by a kobold brigand
             ... wielding a +0 short sword
              (6 damage)
             ... on level 6 of the Dungeon.
             The game lasted 00:51:55 (7036 turns).

Pooter the Shield-Bearer (Gnoll Wanderer)           Turns: 7036, Time: 00:51:55

Health: -2/64      AC:  2    Str: 11    XL:     8   Next: 88%
Magic:  0/15       EV: 12    Int: 13    God:    Fedhas [***...]
Gold:   134        SH:  5    Dex: 13    Spells: 6/16 levels left

rFire   + + .      SeeInvis .   a - +0 trident
rCold   + . .      Faith    .   q - +0 buckler
rNeg    . . .      Spirit   .   u - +0 robe "Fittipt" {rPois rF+}
rPois   +          Reflect  .   (no helmet)
rElec   .          Harm     .   m - scarf {rC+ rF+}
rCorr   .          Rampage  .   (no gloves)
Will    .....                   (no boots)
Stlth   ++........              (no amulet)
HPRegen 0.20/turn               t - ring of flight
MPRegen 0.14/turn               (no ring)

@: flying
A: fangs 1, strong nose, distributed training
a: Renounce Religion, Wall of Briars, Grow Ballistomycete


You were on level 6 of the Dungeon.
You worshipped Fedhas.
Fedhas was most pleased with you.
You visited 1 branch of the dungeon, and saw 6 of its levels.
You also visited: Ossuary.

You collected 290 gold pieces.
You spent 156 gold pieces at shops.

Inventory:

Hand Weapons
 a - a +0 trident (weapon)
   (You took it off an orc on level 5 of the Dungeon)
 b - the +4 hunting sling of Triumph {flame, Int+4}
   (You bought it in a shop on level 3 of the Dungeon)

   Any ammunition fired from it burns those it strikes, dealing additional fire
   damage.
   Int:       It affects your intelligence (+4).
 e - a +0 short sword
 l - a +1 dagger of electrocution
   (You found it on level 2 of the Dungeon)
 p - a +2 whip of flaming
   (You took it off a kobold on level 4 of the Dungeon)
 H - a +0 dagger of holy wrath
   (You took it off Ijyb on level 5 of the Dungeon)
 I - a +0 flail
   (You found it on level 1 of the Dungeon)
Missiles
 j - 8 poisoned darts
 o - 4 curare-tipped darts
 Q - 133 stones (quivered)
Armour
 m - a scarf of resistance (worn)
   (You found it on level 2 of the Dungeon)
 q - a +0 buckler (worn)
 u - the +0 robe "Fittipt" (worn) {rPois rF+}
   (You found it on level 4 of the Dungeon)

   rF:        It protects you from fire.
   rPois:     It protects you from poison.
Jewellery
 t - a ring of flight (left hand)
   (You found it on level 4 of the Dungeon)
Wands
 d - a wand of iceblast (5)
   (You took it off Ijyb on level 5 of the Dungeon)
Scrolls
 g - 2 scrolls of noise {!r}
 h - 4 scrolls of enchant armour
 i - a scroll of brand weapon
 k - 4 scrolls of amnesia
 v - 4 scrolls of teleportation {unknown}
 x - a scroll of enchant weapon {unknown}
 y - a scroll of vulnerability {!r}
 B - a scroll of poison
 E - a scroll of fog {unknown}
 F - 4 scrolls of immolation {unknown}
Potions
 c - 2 potions of attraction {!q}
 f - 3 potions of curing {@q1}
 n - a potion of mutation {!q}
 r - a potion of heal wounds {@q2}
 w - 4 potions of flight {unknown}
 z - a potion of might {unknown}
 A - a potion of ambrosia {unknown}
 C - 2 potions of degeneration {unknown}
 D - 2 potions of resistance {unknown}
 G - a potion of magic {unknown}


   Skills:
 + Level 5.9 Fighting
 + Level 4.5 Short Blades
 + Level 3.6 Long Blades
 + Level 3.6 Axes
 + Level 3.6 Maces & Flails
 + Level 3.6 Polearms
 + Level 3.6 Staves
 + Level 3.6 Slings
 + Level 3.6 Bows
 + Level 3.6 Crossbows
 + Level 4.5 Throwing
 + Level 3.6 Armour
 + Level 3.6 Dodging
 + Level 3.6 Stealth
 + Level 5.9 Shields
 + Level 3.6 Unarmed Combat
 + Level 4.6 Spellcasting
 + Level 3.0 Conjurations
 + Level 3.0 Hexes
 + Level 3.0 Summonings
 + Level 3.0 Necromancy
 + Level 3.0 Translocations
 + Level 4.9 Transmutations
 + Level 3.0 Fire Magic
 + Level 3.0 Ice Magic
 + Level 3.0 Air Magic
 + Level 3.0 Earth Magic
 + Level 3.0 Poison Magic
 + Level 4.0 Invocations
 + Level 4.5 Evocations


You had 6 spell levels left.
You knew the following spells:

 Your Spells              Type           Power      Damage    Failure   Level
a - Sting                 Tmut/Pois      52%        1d5       4%          1
b - Wereblood             Tmut           15%        N/A       4%          2
c - Ignite Poison         Fire/Tmut/Pois 12%        N/A       17%         3
d - Ice Form              Ice/Tmut       13%        N/A       43%         4

Your spell library contained the following spells:

 Spells                   Type           Power      Damage    Failure   Level
 Foxfire                  Conj/Fire      40%        2x1d6     7%          1
 Static Discharge         Conj/Air       10%        N/A       11%         2
 Conjure Flame            Conj/Fire      10%        6-21      22%         3
 Inner Flame              Hex/Fire       10%        N/A       22%         3
 Dispel Undead            Necr           10%        3d9       56%         4
 Flame Wave               Conj/Fire      10%        2d5       56%         4
 Sticky Flame             Conj/Fire      10%        2d3       56%         4


Dungeon Overview and Level Annotations

Branches:
Dungeon (6/15)            Ossuary (visited)
 Temple: D:4-7

Altars:
Dithmenos
Fedhas
Makhleb
Zin

Shops:
D:3 (


Innate Abilities, Weirdness & Mutations

You have very sharp teeth.
Your uncanny sense of smell can sniff out nearby items.
Your experience applies equally to all skills.


Message History

The kobold brigand hits you with a +0 short sword.
You closely miss the kobold brigand.
You bite the kobold brigand, but do no damage.
The hound bites you. The kobold brigand closely misses you.
The hound bites you but does no damage.
The kobold brigand hits you with a +0 short sword.
* * * LOW HITPOINT WARNING * * *
You closely miss the kobold brigand. The hound barely misses you.
The hound bites you.
* * * LOW HITPOINT WARNING * * *
The kobold brigand hits you with a +0 short sword.
* * * LOW HITPOINT WARNING * * *
You barely miss the kobold brigand.
You bite the kobold brigand, but do no damage.
The hound bites you.
* * * LOW HITPOINT WARNING * * *
The kobold brigand hits you with a +0 short sword.
* * * LOW HITPOINT WARNING * * *
The hound bites you.
* * * LOW HITPOINT WARNING * * *
Unknown command.
Aim: a hound (60% to hit)
The sting hits the hound.
The hound is poisoned.
* * * LOW MAGIC WARNING * * *
The hound barely misses you. The hound bites you but does no damage.
Throw: 5 darts (curare)
Aim: a hound (lightly wounded, poisoned, 51% to hit)
You throw a curare-tipped dart.
The curare-tipped dart closely misses the hound.
You block the hound's attack.
Throw: throwing net {!f}
Aim: a hound (moderately wounded, poisoned, 51% to hit)
You throw a throwing net {!f}. The throwing net {!f} hits the hound.
The hound is caught in the net!
The hound struggles against the net.
You hit the hound.
The hound looks more healthy.
The hound struggles against the net. x2
You strike the helpless hound from behind!
You hit the hound.
You kill the hound!
Fedhas appreciates your contribution to the ecosystem.
You hit the kobold brigand but do no damage.
The kobold brigand hits you with a +0 short sword!
* * * LOW HITPOINT WARNING * * *
Aim: a kobold brigand, wielding a +0 short sword and quivering poisoned darts (severely wounded, 64% to hit)
The sting hits the kobold brigand.
The kobold brigand is poisoned.
* * * LOW MAGIC WARNING * * *
The kobold brigand hits you with a +0 short sword.
You die...
Fedhas appreciates your contribution to the ecosystem.

######
..(... ....
#..### ∆
#..'.#
#..K.#
#..(#@#
.......#.#
.......#.#
########.#
#..#.##..#
#..#....##
#>.#.####
#..#.#
#..#.######


You could see a kobold brigand (poisoned).

Vanquished Creatures
  Prince Ribbit (D:6)
  Grinder (D:5)
  Menkaure (D:5)
  A water moccasin (D:5)
  2 ogres
  A phantom (D:5)
  A bullfrog (D:6)
  A scorpion (D:5)
  A howler monkey (D:6)
  An orc priest (D:4)
  A hound (D:6)
  Ijyb (D:5)
  3 iguanas (D:5)
  2 orc wizards (D:6)
  13 mummies (Ossuary)
  5 adders
  A shadow imp (D:5)
  2 worms
  A dart slug (D:4)
  15 orcs
  7 ball pythons
  7 endoplasms
  2 giant cockroaches
  4 goblins
  4 hobgoblins
  4 jackals (D:1)
  12 kobolds
  7 quokkas
  7 bats
  2 gnoll skeletons (Ossuary)
  A goblin skeleton (Ossuary)
  A kobold skeleton (Ossuary)
  4 orc skeletons (Ossuary)
  4 rats
  11 rat skeletons (Ossuary)
132 creatures vanquished.

Vanquished Creatures (collateral kills)
  An orc (D:5)
1 creature vanquished.

Vanquished Creatures (others)
  A plant (D:1)
1 creature vanquished.

Grand Total: 134 creatures vanquished

Notes
Turn   | Place    | Note
-------+----------+-------------------------------------------
     0 | D:1      | Pooter the Gnoll Wanderer began the quest for the Orb.
     0 | D:1      | Pooter set off with the following items: a +0 short sword,
                  | a +0 buckler, a potion of attraction {!q}, a +0 robe; and
                  | the following spell memorised: Sting; and the following
                  | spells available to memorise: Wereblood, Ice Form
     0 | D:1      | Reached XP level 1. HP: 20/20 MP: 4/4
   217 | D:1      | Reached XP level 2. HP: 7/26 MP: 0/5
   446 | D:1      | Learned a level 2 spell: Wereblood
   670 | D:1      | Found a faded altar of an unknown god.
   770 | D:1      | Reached XP level 3. HP: 28/31 MP: 0/7
  1130 | D:1      | Reached skill level 1 in Invocations
  1400 | D:1      | Prayed at the altar of an unknown god.
  1400 | D:1      | Became a worshipper of Fedhas Madash
  1400 | D:1      | Reached * piety under Fedhas
  1739 | D:2      | Reached skill level 1 in Long Blades
  1739 | D:2      | Reached skill level 1 in Axes
  1739 | D:2      | Reached skill level 1 in Maces & Flails
  1739 | D:2      | Reached skill level 1 in Polearms
  1739 | D:2      | Reached skill level 1 in Staves
  1739 | D:2      | Reached skill level 1 in Slings
  1739 | D:2      | Reached skill level 1 in Bows
  1739 | D:2      | Reached skill level 1 in Crossbows
  1739 | D:2      | Reached skill level 1 in Armour
  1739 | D:2      | Reached skill level 1 in Dodging
  1739 | D:2      | Reached skill level 1 in Stealth
  1739 | D:2      | Reached skill level 1 in Unarmed Combat
  1827 | D:2      | Reached XP level 4. HP: 38/38 MP: 5/8
  1945 | D:2      | Learned a level 3 spell: Ignite Poison
  2244 | D:3      | Reached skill level 1 in Conjurations
  2244 | D:3      | Reached skill level 1 in Hexes
  2244 | D:3      | Reached skill level 1 in Summonings
  2244 | D:3      | Reached skill level 1 in Necromancy
  2244 | D:3      | Reached skill level 1 in Translocations
  2244 | D:3      | Reached skill level 1 in Fire Magic
  2244 | D:3      | Reached skill level 1 in Ice Magic
  2244 | D:3      | Reached skill level 1 in Air Magic
  2244 | D:3      | Reached skill level 1 in Earth Magic
  2244 | D:3      | Reached skill level 1 in Poison Magic
  2249 | D:3      | Reached ** piety under Fedhas
  2281 | D:3      | Found a blossoming altar of Fedhas.
  2664 | D:3      | Found Wiutt's Antique Weapon Emporium.
  2684 | D:3      | Bought a dazzling hunting sling for 156 gold pieces
  2684 | D:3      | Identified the +4 hunting sling of Triumph {flame, Int+4}
                  | (You bought it in a shop on level 3 of the Dungeon)
  3241 | D:4      | Noticed an ogre
  3312 | D:4      | Killed an ogre
  3313 | D:4      | Reached XP level 5. HP: 43/43 MP: 9/9
  3322 | D:4      | Identified the +0 robe "Fittipt" {rPois rF+}
  3395 | D:4      | Found a burning altar of Makhleb.
  3396 | D:4      | Found a shadowy altar of Dithmenos.
  3439 | D:4      | Reached XP level 6. HP: 50/50 MP: 9/11
  3687 | D:5      | Entered Level 5 of the Dungeon
  3879 | D:5      | Found a glowing silver altar of Zin.
  3886 | D:5      | Reached skill level 5 in Fighting
  3886 | D:5      | Reached skill level 5 in Shields
  4228 | D:5      | Found a sand-covered staircase.
  4233 | Ossuary  | Entered an ossuary
  4566 | Ossuary  | Reached XP level 7. HP: 56/56 MP: 12/12
  4893 | Ossuary  | Reached *** piety under Fedhas
  5149 | D:5      | Noticed Grinder
  5161 | D:5      | Killed Grinder
  5260 | D:5      | Noticed Ijyb
  5262 | D:5      | Killed Ijyb
  5305 | D:5      | Reached XP level 8. HP: 61/63 MP: 8/14
  5894 | D:5      | Noticed Menkaure
  5900 | D:5      | Killed Menkaure
  6620 | D:6      | Learned a level 4 spell: Ice Form
  7014 | D:6      | Noticed Prince Ribbit
  7021 | D:6      | Killed Prince Ribbit
  7036 | D:6      | Slain by a kobold brigand

Illustrated notes

Levels and vault maps discovered:
D:1:      kilobyte_arrival_exit_the_forest, layout_rooms,
          dreamdust_ecumenical_altar_grove
D:2:      layout_rooms, serial_curves, eino_curves_01, eino_curves_03,
          minmay_tromino_i2
D:3:      layout_basic, fedhas_altar_2, serial_shops, nicolae_shop_statue_plus
D:4:      layout_basic, gammafunk_temple_overflow_wave,
          kennysheep_generic_room_3
D:5:      layout_basic, kennysheep_little_box, enter_ossuary_5,
          chequers_serial_rivers_micro_c, uniq_menkaure, uniq_ijyb, uniq_grinder
D:6:      layout_loops_ring, grunt_temple_overflow_diamond,
          kennysheep_generic_room_7, uniq_prince_ribbit1

Skill      XL: |  1  2  3  4  5  6  7  8 |
---------------+-------------------------+-----
Invocations    | 1 2 3 4 |  4.0
Long Blades    | 1 2 3 |  3.6
Axes           | 1 2 3 |  3.6
Maces & Flails | 1 2 3 |  3.6
Polearms       | 1 2 3 |  3.6
Staves         | 1 2 3 |  3.6
Slings         | 1 2 3 |  3.6
Bows           | 1 2 3 |  3.6
Crossbows      | 1 2 3 |  3.6
Armour         | 1 2 3 |  3.6
Dodging        | 1 2 3 |  3.6
Stealth        | 1 2 3 |  3.6
Unarmed Combat | 1 2 3 |  3.6
Spellcasting   | 3 4 |  4.6
Conjurations   | 1 2 3 |  3.0
Hexes          | 1 2 3 |  3.0
Summonings     | 1 2 3 |  3.0
Necromancy     | 1 2 3 |  3.0
Translocations | 1 2 3 |  3.0
Fire Magic     | 1 2 3 |  3.0
Ice Magic      | 1 2 3 |  3.0
Air Magic      | 1 2 3 |  3.0
Earth Magic    | 1 2 3 |  3.0
Poison Magic   | 1 2 3 |  3.0
Short Blades   | 3 4 |  4.5
Throwing       | 3 4 |  4.5
Transmutations | 4 |  4.9
Evocations     | 3 4 |  4.5
Fighting       | 5 |  5.9
Shields        | 5 |  5.9

Action                   |  1- 3 |  4- 6 |  7- 9 || total
-------------------------+-------+-------+-------++-------
Melee: Short sword       |    19 |       |       ||    19
       Flail             |    18 |    32 |     2 ||    52
       Bite              |     2 |     5 |     2 ||     9
       Trident           |       |       |     7 ||     7
 Fire: Hunting sling     |       |    78 |   120 ||   198
Throw: Stone             |    76 |     7 |       ||    83
       Dart              |     5 |    19 |     8 ||    32
       Throwing net      |       |       |     1 ||     1
 Cast: Sting             |    41 |     7 |     9 ||    57
       Wereblood         |     2 |     1 |       ||     3
       Ignite Poison     |       |     2 |    10 ||    12
Invok: Wall of Briars    |       |       |     1 ||     1
Evoke: Wand              |       |       |     1 ||     1
  Use: Scroll            |       |     7 |     2 ||     9
 Stab: Sleeping          |       |     1 |       ||     1
       Held in net/web   |       |       |     1 ||     1
Armor: Robe              |    18 |     1 |     7 ||    26
Dodge: Dodged            |    32 |    30 |    32 ||    94
Block: Buckler           |    19 |    11 |     8 ||    38

Table legend: (Time is in decaauts)
 A = Elapsed time spent in this place.
 B = Non-inter-level travel time spent in this place.
 C = Inter-level travel time spent in this place.
 D = Time resting spent in this place.
 E = Time spent auto-exploring this place.
 F = Levels seen in this place.
 G = Mean time per level.
                   A        B        C        D        E       F      G
               +--------+--------+--------+--------+--------+-----+--------+
         Total |   7142 |   7039 |    103 |   1799 |   3753 |   7 | 1020.3 |
       Dungeon |   6268 |   6165 |    103 |   1379 |   3612 |   6 | 1044.7 |
       Ossuary |    874 |    874 |      0 |    420 |    141 |   1 |  874.0 |
               +--------+--------+--------+--------+--------+-----+--------+

Top non-repeatable levels by time:
     D:5: 2113 daAuts
     D:1: 1429 daAuts
     D:3: 951 daAuts
 Ossuary: 874 daAuts
     D:2: 728 daAuts
     D:4: 612 daAuts
     D:6: 433 daAuts
